 Dungeon Crawl Stone Soup version 0.28-b1-1-g3c77fb2ed1 (webtiles) character file.

Game seed: 267995884879165026

10982 Kaptain the Thaumaturge (level 11, -1/62 HPs)
             Began as a Deep Elf Earth Elementalist on Jan 28, 2022.
             Killed from afar by an ice dragon (10 damage)
             ... with a blast of cold
             ... on level 9 of the Dungeon.
             The game lasted 00:35:21 (10970 turns).

Kaptain the Thaumaturge (DEEE)                     Turns: 10970, Time: 00:35:23

Health: -1/62      AC: 14    Str:  9    XL:     11   Next: 43%
Magic:  5/28       EV: 16    Int: 29    God:
Gold:   636        SH:  0    Dex: 19    Spells: 22/32 levels left

rFire   . . .      SeeInvis .   d - +3 short sword (protect)
rCold   + . .      Faith    .   (no shield)
rNeg    . . .      Spirit   .   B - +0 leather armour {rPois}
rPois   +          Reflect  .   y - +2 helmet "Ebe Jet" {Str+4 Int+4 Dex+4}
rElec   .          Harm     .   s - +0 cloak
rCorr   .          Rampage  .   r - +0 pair of gloves
Will    +....                   l - +0 pair of boots
Stlth   ++++......              (no amulet)
HPRegen 0.20/turn               a - ring of protection from cold
MPRegen 0.21/turn               A - +4 ring of protection

@: no status effects
A: no striking features
a: no special abilities


You were on level 9 of the Dungeon.
You visited 2 branches of the dungeon, and saw 10 of its levels.

You collected 636 gold pieces.

Inventory:

Hand Weapons
 d - a +3 short sword of protection (weapon)
 f - a +4 war axe of freezing
 i - a +3 rapier
 j - a +2 whip of electrocution
 t - a +1 dagger of venom
 N - a +3 scimitar
Missiles
 q - 3 throwing nets
 E - 27 stones
Armour
 l - a +0 pair of boots (worn)
 o - +0 ice dragon scales
 r - a +0 pair of gloves (worn)
 s - a +0 cloak (worn)
 w - the +0 leather armour "Rouwogapn" {Dex+4}
   (You found it on level 8 of the Dungeon)

   Dex:       It affects your dexterity (+4).
 y - the +2 helmet "Ebe Jet" (worn) {Str+4 Int+4 Dex+4}
   (You found it on level 4 of the Dungeon)

   Str:       It affects your strength (+4).
   Int:       It affects your intelligence (+4).
   Dex:       It affects your dexterity (+4).
 B - a +0 leather armour of poison resistance (worn)
Magical Staves
 K - a staff of poison
Jewellery
 a - a ring of protection from cold (left hand)
 m - a ring of poison resistance
 p - a +4 ring of evasion
 A - a +4 ring of protection (right hand)
 D - a ring of protection from cold
Wands
 k - a wand of iceblast (10)
 n - a wand of flame (13)
 F - a wand of mindburst (5)
 L - a wand of digging (3)
Scrolls
 e - 4 scrolls of teleportation
 g - 2 scrolls of enchant armour
 x - 2 scrolls of fog
 z - 2 scrolls of identify
 I - a scroll of enchant weapon
Potions
 b - a potion of brilliance
 c - a potion of berserk rage
 h - a potion of flight
 u - a potion of mutation
 C - a potion of magic


   Skills:
 + Level 4.5 Fighting
 + Level 4.6 Armour
 + Level 7.3 Dodging
 + Level 7.9 Stealth
 * Level 11.2 Spellcasting
 * Level 8.6 Conjurations
 - Level 1.1 Transmutations
 * Level 9.7 Earth Magic


You had 22 spell levels left.
You knew the following spells:

 Your Spells              Type           Power      Damage    Failure   Level
a - Sandblast             Erth           100%       2d20      1%          1
b - Stone Arrow           Conj/Erth      100%       3d13      1%          3
c - Mephitic Cloud        Conj/Pois/Air  33%        N/A       4%          3
d - Swiftness             Air            16%        N/A       13%         3

Your spell library contained the following spells:

 Spells                   Type           Power      Damage    Failure   Level
 Shock                    Conj/Air       100%       1d9       1%          1
 Passwall                 Tmut/Erth      39%        N/A       1%          2
 Animate Skeleton         Necr           32%        N/A       4%          1
 Apportation              Tloc           32%        N/A       4%          1
 Summon Small Mammal      Summ           64%        N/A       4%          1
 Petrify                  Tmut/Erth      47%        N/A       4%          4
 Animate Armour           Summ/Erth      88%        N/A       6%          4
 Ignite Poison            Fire/Tmut/Pois 18%        N/A       11%         3
 Confusing Touch          Hex            16%        N/A       13%         3
 Frozen Ramparts          Ice            32%        1d5       13%         3
 Summon Guardian Golem    Hex/Summ       16%        N/A       13%         3
 Ice Form                 Ice/Tmut       19%        N/A       34%         4
 Freezing Cloud           Conj/Ice/Air   16%        6-21      36%         5
 Airstrike                Air            8%         N/A       41%         4
 Summon Ice Beast         Ice/Summ       16%        N/A       41%         4
 Alistair's Intoxication  Tmut/Pois      12%        N/A       67%         5
 Yara's Violent Unravell  Hex/Tmut       9%         3d6       67%         5
 Orb of Destruction       Conj           30%        9d10      71%         7
 Spellforged Servitor     Conj/Summ      20%        N/A       99%         7
 Enfeeble                 Hex            8%         N/A       100%        7
 Lehudib's Crystal Spear  Conj/Erth      31%        10d8      100%        8


Dungeon Overview and Level Annotations

Branches:
Dungeon (9/15)             Temple (1/1) D:5            Lair (0/6) D:9
    Orc (0/2) D:9

Altars:
Ashenzari
Cheibriados
Dithmenos
Elyvilon
Fedhas
Hepliaklqana
Kikubaaqudgha
Makhleb
Nemelex Xobeh
Okawaru
Qazlal
Ru
Sif Muna
Trog
Uskayaw
Vehumet
Wu Jian
Xom
Yredelemnul
Zin
The Shining One
Beogh

Shops:
D:2 *   D:6 [   D:9 ?

Annotations:
D:4 3 runed translucent doors, Tinylith's ghost, amateur MiBe


Message History

Casting: Stone Arrow (safe; 1% risk of failure)
Confirm with . or Enter, or press ? or * to list all spells.
Aiming: Stone Arrow (safe; 1% risk of failure)
Press: ? - help, Shift-Dir - straight line, f/p - ice dragon
Aim: an ice dragon (heavily wounded, 84% to hit)
The stone arrow hits the ice dragon!
The ice dragon is heavily wounded.
The ice dragon breathes frost at you. The blast of cold hits you!! You resist.
* * * LOW HITPOINT WARNING * * *
You feel better.
Casting: Stone Arrow (safe; 1% risk of failure)
Confirm with . or Enter, or press ? or * to list all spells.
Aiming: Stone Arrow (safe; 1% risk of failure)
Press: ? - help, Shift-Dir - straight line, f/p - ice dragon
Aim: an ice dragon (freezing vapour, heavily wounded, 84% to hit)
The stone arrow hits the ice dragon.
The ice dragon is severely wounded.
The ice dragon is engulfed in freezing vapours.
The ice dragon breathes frost at you. The blast of cold hits you! You resist.
* * * LOW HITPOINT WARNING * * *
Casting: Stone Arrow (safe; 1% risk of failure)
Confirm with . or Enter, or press ? or * to list all spells.
Aiming: Stone Arrow (safe; 1% risk of failure)
Press: ? - help, Shift-Dir - straight line, f/p - ice dragon
Aim: an ice dragon (severely wounded, catching its breath, 84% to hit)
The stone arrow hits the ice dragon!
The ice dragon is severely wounded.
The ice dragon misses you.
The ice dragon completely misses you. x2
Unknown command.
Casting: Stone Arrow (safe; 1% risk of failure)
Confirm with . or Enter, or press ? or * to list all spells.
Aiming: Stone Arrow (safe; 1% risk of failure)
Press: ? - help, Shift-Dir - straight line, f/p - ice dragon
Aim: an ice dragon (severely wounded, 84% to hit)
The stone arrow misses the ice dragon.
The ice dragon breathes frost at you. The blast of cold hits you! You resist.
You die...

#?$$###
###
#.!$$≈##
#.#
#..$$≈≈###
#.# #
#...≈≈≈≈≈#
#.## ##
#...≈≈≈≈≈#
#..####.
#≈.≈≈≈≈≈≈#
#.......
#≈≈≈D≈..≈#
#.#.....
#≈≈≈@....#
####....
#≈≈......#
##....
#........#
##.....
#.......##
#......
##......#
##......
#......#
#.......
##....##
#.......
##..##
#.......
#..#
##......


You could see an ice dragon (catching breath).

Vanquished Creatures
  Erolcha (D:9)
  Harold (D:7)
  3 two-headed ogres
  Pikel (D:5)
  Psyche (D:9)
  A troll (D:9)
  A hornet (D:8)
  Prince Ribbit (D:7)
  12 yaks
  A basilisk (D:6)
  Menkaure (D:7)
  Duvessa (D:7)
  An ice beast (D:7)
  A sky beast (D:6)
  A black bear (D:5)
  A hornet zombie (D:7)
  2 orc warriors
  4 necrophages (D:7)
  2 ogres
  4 wolves (D:9)
  2 lemures
  A phantom (D:4)
  2 kobold brigands
  2 bullfrogs
  A gnoll sergeant (D:8)
  A scorpion (D:6)
  Dowan (D:7)
  9 killer bees
  18 wights
  An electric eel (D:9)
  2 howler monkeys
  2 bullfrog skeletons
  2 jellies
  A bullfrog zombie (D:5)
  A human zombie (D:7)
  6 orc priests
  5 centaur zombies
  6 hounds
  3 centaur skeletons (D:7)
  3 iguanas
  5 orc wizards
  3 killer bee zombies
  A hound skeleton (D:5)
  2 mummies (D:7)
  12 gnolls
  4 adders (D:3)
  2 shadow imps (D:6)
  A white imp (D:8)
  An ufetubus (D:7)
  A worm (D:3)
  2 dart slugs (D:1)
  28 orcs
  6 endoplasms
  3 giant cockroaches
  7 goblins
  6 hobgoblins
  3 quokkas
  7 ball pythons
  5 bats
  3 frilled lizards (D:2)
  10 kobolds
  5 rats
227 creatures vanquished.

Vanquished Creatures (collateral kills)
  An orc warrior (D:9)
1 creature vanquished.

Vanquished Creatures (others)
  A killer bee (D:8)
1 creature vanquished.

Grand Total: 229 creatures vanquished

Notes
Turn   | Place    | Note
-------+----------+-------------------------------------------
     0 | D:1      | Kaptain the Deep Elf Earth Elementalist began the quest for
                  | the Orb.
     0 | D:1      | Reached XP level 1. HP: 10/10 MP: 6/6
   155 | D:1      | Found a faded altar of an unknown god.
   189 | D:1      | Reached XP level 2. HP: 15/15 MP: 4/8
   760 | D:2      | Reached XP level 3. HP: 15/20 MP: 10/10
   774 | D:2      | Learned a level 3 spell: Stone Arrow
   973 | D:2      | Found Roenk's General Store.
  1320 | D:3      | HP: 1/20 [adder (1)]
  1603 | D:3      | You fall into a shaft and drop 3 floors!
  1633 | D:6      | Noticed a basilisk
  1639 | D:6      | Found Genkius's Armour Shop.
  1650 | D:5      | Entered Level 5 of the Dungeon
  1829 | D:5      | Noticed a lemure
  1835 | D:5      | Found a staircase to the Ecumenical Temple.
  1844 | Temple   | Entered the Ecumenical Temple
  1849 | Temple   | Reached skill level 4 in Spellcasting
  1849 | Temple   | Reached XP level 4. HP: 4/24 MP: 7/12
  2227 | Temple   | Killed a lemure
  2283 | D:5      | Reached skill level 1 in Armour
  2283 | D:5      | Reached skill level 1 in Conjurations
  2283 | D:5      | Reached XP level 5. HP: 24/28 MP: 7/13
  2380 | D:5      | Reached skill level 1 in Fighting
  2461 | D:5      | Noticed a black bear
  2697 | D:3      | Learned a level 3 spell: Mephitic Cloud
  3104 | D:3      | Found a bloodstained altar of Trog.
  3188 | D:3      | Reached XP level 6. HP: 34/34 MP: 9/15
  3453 | D:4      | Found a runed translucent gate.
  3454 | D:4      | Found a runed translucent gate.
  3455 | D:4      | Found a runed translucent gate.
  3455 | D:4      | Noticed Tinylith's ghost (amateur MiBe)
  3468 | D:4      | Identified the +5 whip "Zeun" {vorpal, rElec Dex+2}
  3468 | D:4      | Identified the +6 scale mail of Kuor {Rampage Int+4}
  3514 | D:4      | Reached skill level 5 in Spellcasting
  3537 | D:4      | Learned a level 3 spell: Swiftness
  3675 | D:4      | Reached skill level 5 in Earth Magic
  3891 | D:4      | Identified the +2 helmet "Ebe Jet" {Str+4 Int+4 Dex+4}
  4246 | D:5      | Noticed Pikel
  4266 | D:5      | Killed Pikel
  4267 | D:5      | Reached skill level 6 in Spellcasting
  4267 | D:5      | Reached XP level 7. HP: 40/40 MP: 6/18
  4419 | D:5      | Found a blossoming altar of Fedhas.
  4516 | D:5      | Reached XP level 8. HP: 43/44 MP: 17/19
  4657 | D:5      | Found a shimmering blue altar of Sif Muna.
  4887 | D:6      | Found a hazy altar of Hepliaklqana.
  5145 | D:6      | Reached skill level 7 in Spellcasting
  5239 | D:6      | Reached skill level 5 in Stealth
  5534 | D:6      | Reached skill level 5 in Conjurations
  5740 | D:7      | Reached skill level 5 in Dodging
  5797 | D:7      | Noticed Prince Ribbit
  5802 | D:7      | Killed Prince Ribbit
  5803 | D:7      | Reached XP level 9. HP: 49/49 MP: 13/22
  5972 | D:7      | Identified the +0 leather armour of the End {Drain Int+7}
  6271 | D:7      | Noticed Menkaure
  6274 | D:7      | Killed Menkaure
  6366 | D:7      | Noticed Dowan
  6369 | D:7      | Noticed Duvessa
  6401 | D:7      | Killed Duvessa
  6402 | D:7      | Reached skill level 8 in Spellcasting
  6403 | D:7      | Killed Dowan
  7102 | D:7      | Found an ancient bone altar of Kikubaaqudgha.
  7180 | D:7      | Noticed Harold
  7197 | D:7      | Killed Harold
  7198 | D:7      | Reached skill level 9 in Spellcasting
  7198 | D:7      | Reached XP level 10. HP: 47/56 MP: 14/25
  7285 | D:7      | Found a glowing silver altar of Zin.
  7831 | D:8      | Identified the +0 leather armour "Rouwogapn" {Dex+4}
  8031 | D:8      | Noticed a two-headed ogre
  8036 | D:8      | Killed a two-headed ogre
  8533 | D:8      | Reached skill level 10 in Spellcasting
  9460 | D:9      | Found a shadowy altar of Dithmenos.
  9572 | D:9      | Reached XP level 11. HP: 61/61 MP: 6/27
  9698 | D:9      | Found a staircase to the Lair.
  9726 | D:9      | Found Noefar's Magic Scroll Boutique.
  9787 | D:9      | Noticed Erolcha
  9787 | D:9      | Noticed a two-headed ogre
  9941 | D:9      | Killed Erolcha
 10030 | D:9      | Noticed a two-headed ogre
 10231 | D:9      | Killed a two-headed ogre
 10232 | D:9      | Reached skill level 11 in Spellcasting
 10328 | D:9      | Killed a two-headed ogre
 10497 | D:9      | Found a glowing golden altar of the Shining One.
 10592 | D:9      | Noticed Psyche
 10599 | D:9      | Killed Psyche
 10687 | D:9      | Found a staircase to the Orcish Mines.
 10959 | D:9      | Noticed an ice dragon
 10970 | D:9      | Killed from afar by an ice dragon

Illustrated notes

Levels and vault maps discovered:
D:1:      dpeg_arrival_tiny_d, layout_rooms,
          dreamdust_ecumenical_altar_hidden_monk_grotto, st_stairs_3
D:2:      layout_rooms, serial_shops, shop_coins, kennysheep_generic_room_15
D:3:      layout_basic, bloody_trog
D:4:      layout_rooms, biasface_ghost_orc_armoury
D:5:      layout_gridville, mainiacjoe_overflow_chevrons, marbit_many_paths,
          temple_fountains, uniq_pikel
D:6:      layout_rooms, nicolae_hepliaklqana_hazy_memory, serial_shops,
          nicolae_shop_statue_plus
D:7:      layout_basic, lemuel_mausoleum_altar_kikubaaqudgha, zin_academy,
          minmay_increasing_density, uniq_harold, uniq_duvessa, uniq_menkaure,
          uniq_prince_ribbit1
D:8:      layout_basic, lemuel_old_faithful
D:9:      dragon1_lemuel, layout_cave_pods, mainiacjoe_overflow_alcove_2,
          grunt_dithmenos_smoke, erik_lair_island,
          minmay_orc_entry_temple_small, serial_shops, nicolae_take_the_stairs,
          uniq_psyche, uniq_erolcha
Temple:   dshaligram_water_room_temple

Skill      XL: |  1  2  3  4  5  6  7  8  9 10 11 |
---------------+----------------------------------+-----
Stealth        | 3 4 5 6 7 |  7.9
Dodging        | 3 4 5 6 7 |  7.3
Spellcasting   | 4 6 7 9 10 11 | 11.2
Earth Magic    | 4 5 6 8 9 |  9.7
Armour         | 1 2 3 4 |  4.6
Conjurations   | 1 2 3 5 6 8 |  8.6
Fighting       | 1 2 3 4 |  4.5
Transmutations | |  1.1

Action                   |  1- 3 |  4- 6 |  7- 9 | 10-12 || total
-------------------------+-------+-------+-------+-------++-------
Melee: Short sword       |    45 |     1 |    15 |   152 ||   213
       Punch             |       |       |       |     4 ||     4
 Cast: Sandblast         |    39 |    66 |    68 |    17 ||   190
       Stone Arrow       |     4 |     8 |    58 |    62 ||   132
       Mephitic Cloud    |       |       |     1 |    44 ||    45
       Swiftness         |       |       |       |     1 ||     1
Evoke: Wand              |       |     3 |       |       ||     3
  Use: Scroll            |     5 |     1 |     8 |     3 ||    17
       Potion            |     1 |     1 |       |     4 ||     6
 Stab: Sleeping          |     2 |     1 |       |       ||     3
       Confused          |       |       |       |    29 ||    29
Armor: Robe              |    15 |     5 |       |       ||    20
       Leather armour    |       |     2 |    22 |    52 ||    76
Dodge: Dodged            |    39 |    33 |    32 |   126 ||   230
